 Seeded DCSS version 0.31-a0-1278-g11c5b68f87 (webtiles) character file.

Game seed: 3878631621999772145 (custom seed)

233 timneilson the Shield-Bearer (level 6, -5/38 HPs)
             Began as a Gargoyle Fighter on Dec 17, 2023.
             Slain by a black bear (11 damage)
             ... on level 4 of the Dungeon.
             The game lasted 00:04:59 (2418 turns).

timneilson the Shield-Bearer (Gargoyle Fighter)     Turns: 2418, Time: 00:04:59

Health: -5/38      AC: 16    Str: 23    XL:     6   Next: 5%
Magic:  6/6        EV: 10    Int:  9    God:
Gold:   172        SH:  5    Dex: 17    Spells: 5/5 levels left

rFire   . . .        a - +0 long sword
rCold   . . .        c - +0 buckler
rNeg    + . .        b - +0 scale mail
rPois   ∞            u - +1 helmet {SInv}
rElec   +            g - +0 cloak
rCorr   .            (no gloves)
SInv    +            m - +0 pair of boots
Will    .....        o - amulet "Ongataxy" {Regen+ Str+4} Stlth
                     e - +6 ring of dexterity
HPRegen 1.06/turn    (no ring)
MPRegen 0.10/turn

%: no passive effects
@: brilliant
A: sickness immunity, AC +4, negative energy resistance 1, electricity
resistance, torment resistance 1, petrification resistance
a: no special abilities


You were on level 4 of the Dungeon.
You visited 1 branch of the dungeon, and saw 4 of its levels.

You collected 172 gold pieces.

Inventory:

Hand Weapons
 a - a +0 long sword (weapon)
Armour
 b - a +0 scale mail (worn)
 c - a +0 buckler (worn)
 g - a +0 cloak (worn)
 l - a +0 plate armour
 m - a +0 pair of boots (worn)
 u - a +1 helmet of see invisible (worn)
Jewellery
 e - a +6 ring of dexterity (left hand)
 o - the amulet "Ongataxy" (around neck) {Regen+ Str+4}
   (You acquired it on level 3 of the Dungeon)

   [amulet of regeneration]

   Str+4:     It affects your strength (+4).
   Regen+:    It increases your rate of health regeneration.
Scrolls
 f - 2 scrolls of fog
 p - 6 scrolls of identify
Potions
 d - a potion of might
 h - a potion of resistance {unknown}
 i - 2 potions of mutation
 j - a potion of haste {unknown}
 k - a potion of brilliance
 n - 4 potions of attraction
 q - a potion of degeneration {unknown}
 r - a potion of heal wounds {unknown}
 s - a potion of ambrosia {unknown}
 t - a potion of berserk rage {unknown}
 v - a potion of lignification {unknown}


   Skills:
 + Level 4.0 Fighting
 * Level 3.1 Long Blades
 * Level 4.5 Armour
 + Level 1.1 Dodging
 * Level 4.6 Shields


You had 5 spell levels left.
You didn't know any spells.
Your spell library contained the following spells:

 Spells                   Type           Power      Damage    Failure   Level
 Foxfire                  Conj/Fire      0%         2x1d4     75%         1
 Hailstorm                Conj/Ice       0%         3d5       98%         3
 Summon Guardian Golem    Hex/Summ       0%         N/A       98%         3
 Anguish                  Hex/Necr       0%         N/A       100%        4
 Summon Ice Beast         Ice/Summ       0%         N/A       100%        4
 Plasma Beam              Fire/Air       0%         2x1d10    100%        6
 Simulacrum               Ice/Necr       0%         N/A       100%        6
 Starburst                Conj/Fire      0%         6d3       100%        6


Dungeon Overview and Level Annotations

Branches:
Dungeon (4/15)
 Temple: D:4-7

Altars:
Wu Jian


Innate Abilities, Weirdness & Mutations

You are immune to sickness and miasma.
Your stone body is resilient. (AC +4)
You are immune to poison.
You resist negative energy. (rN+)
You are resistant to electric shocks. (rElec)
You are resistant to unholy torment.
You are immune to petrification.


Message History

The black bear closely misses you. You block the black bear's attack.
The black bear barely misses you.
You hit the black bear.
The black bear is almost dead.
The black bear completely misses you. The black bear barely misses you.
You block the black bear's attack.
You hit the black bear.
The black bear is almost dead.
You block the black bear's attack. The black bear barely misses you.
The black bear claws you but does no damage.
The black bear closely misses you.
The black bear claws you but does no damage. x2
You hit the black bear but do no damage.
The black bear is almost dead.
The black bear bites you but does no damage.
The black bear claws you. x2; The black bear bites you!
The black bear claws you.
The black bear claws you but does no damage.
You completely miss the black bear.
The black bear is almost dead.
The black bear bites you! The black bear barely misses you.
The black bear closely misses you.
The black bear bites you but does no damage.
The black bear claws you but does no damage.
The black bear claws you.
* * * LOW HITPOINT WARNING * * *
You barely miss the black bear.
The black bear is almost dead.
The black bear bites you but does no damage.
The black bear claws you.
* * * LOW HITPOINT WARNING * * *
The black bear closely misses you. The black bear bites you.
* * * LOW HITPOINT WARNING * * *
The black bear claws you but does no damage.
The black bear claws you.
* * * LOW HITPOINT WARNING * * *
It was a potion of brilliance.
You feel clever all of a sudden. The black bear bites you!
You die...

..........### ..........#.
..........' ........# ..
.......# ... #.....+...
#.h†..#'### #..@....... ###
#..........
#.#######..........
######.......###'##.....
.....#............#.....
..................##########
...........................#
..........)................#
........†..................#


You could see a black bear (berserk).

Vanquished Creatures
  2 orc priests (D:4)
  A jelly (D:4)
  An iguana (D:4)
  4 adders
  2 ufetubi (D:3)
  3 worms
  2 orcs
  7 bats
  6 endoplasms
  2 giant cockroaches (D:3)
  5 goblins
  5 hobgoblins
  5 jackals
  2 kobolds
  4 quokkas
  6 ball pythons
  A frilled lizard (D:1)
  6 rats
64 creatures vanquished.

Notes
Turn   | Place    | Note
-------+----------+-------------------------------------------
     0 | D:1      | timneilson the Gargoyle Fighter began the quest for the
                  | Orb.
     0 | D:1      | Reached XP level 1. HP: 14/14 MP: 1/1
   342 | D:1      | Reached XP level 2. HP: 19/19 MP: 2/2
   348 | D:1      | Got Niegh's Catalogue of Enchantment
  1176 | D:2      | Reached XP level 3. HP: 16/23 MP: 3/3
  1273 | D:2      | Reached XP level 4. HP: 16/28 MP: 4/4
  1871 | D:3      | Found an ornate altar of the Wu Jian Council.
  2145 | D:3      | Identified 2 scrolls of acquirement
  2145 | D:3      | Acquired a +1 helmet of see invisible
  2153 | D:3      | Acquired the amulet "Ongataxy" {Regen+ Str+4}
  2246 | D:4      | Reached XP level 5. HP: 32/33 MP: 5/5
  2284 | D:4      | Reached skill level 1 in Dodging
  2366 | D:4      | Reached XP level 6. HP: 32/38 MP: 6/6
  2396 | D:4      | Noticed a black bear
  2418 | D:4      | Slain by a black bear

Illustrated notes

Levels and vault maps discovered:
D:1:      dpeg_arrival_boxes_within_box, layout_loops_corners, st_stairs_7
D:2:      layout_basic
D:3:      layout_rooms, nzn_wu_jian_council_hall
D:4:      layout_gridville, temple_hall

Skill      XL: |  1  2  3  4  5 |
---------------+----------------+-----
Long Blades    | 2 3 |  3.1
Shields        | 4 |  4.6
Armour         | 4 |  4.5
Dodging        | 1 |  1.1
Fighting       | 4 |  4.0

Action                     |  1- 3 |  4- 6 || total
---------------------------+-------+-------++-------
  Melee: Long sword        |    99 |   142 ||   241
    Use: Scroll            |     2 |     6 ||     8
         Potion            |       |     1 ||     1
 Armour: Scale mail        |    72 |   124 ||   196
  Dodge: Dodged            |    47 |    82 ||   129
  Block: Buckler           |    19 |    58 ||    77

Table legend: (Time is in decaauts)
 A = Elapsed time spent in this place.
 B = Non-inter-level travel time spent in this place.
 C = Inter-level travel time spent in this place.
 D = Time resting spent in this place.
 E = Time spent auto-exploring this place.
 F = Levels seen in this place.
 G = Mean time per level.
                   A        B        C        D        E       F      G
               +--------+--------+--------+--------+--------+-----+--------+
         Total |   2493 |   2406 |     87 |     30 |   1651 |   4 |  623.2 |
       Dungeon |   2493 |   2406 |     87 |     30 |   1651 |   4 |  623.2 |
               +--------+--------+--------+--------+--------+-----+--------+

Top non-repeatable levels by time:
     D:1: 1118 daAuts
     D:2: 611 daAuts
     D:3: 524 daAuts
     D:4: 239 daAuts
